 Dungeon Crawl Stone Soup version 0.21.1-1-g345015f (webtiles) character file.

802 letownia2 the Conjurer (level 7, -25/42 HPs)
             Began as a Tengu Wizard on Mar 5, 2018.
             Was an Initiate of Cheibriados.
             Annihilated by an ogre
             ... wielding a +0 giant spiked club
              (28 damage)
             ... on level 6 of the Dungeon.
             The game lasted 00:10:41 (1921 turns).

letownia2 the Conjurer (Tengu Wizard)               Turns: 1921, Time: 00:10:42

Health: -25/42     AC:  3    Str: 17    XL:     7   Next: 90%
Magic:  14/23      EV: 13    Int: 22    God:    Cheibriados [......]
Gold:   96         SH:  0    Dex: 13    Spells: 4/15 levels left

rFire    . . .     SeeInvis .   a - +7 hand axe of True Grit {chop, rC- MP+9 Str+4}
rCold    x . .     Gourm    .   (no shield)
rNeg     . . .     Faith    .   s - +0 leather armour
rPois    .         Spirit   .   b - +0 hat
rElec    .         Reflect  .   (no cloak)
rCorr    .         Harm     .   (no gloves)
MR       .....                  (boots unavailable)
Stlth    +.........             (no amulet)
HPRegen  0.14/turn              (no ring)
MPRegen  0.18/turn              (no ring)

@: confused, mighty, very slow
A: beak, talons 3, able to fly 1
a: Fly, Bend Time, Renounce Religion


You were on level 6 of the Dungeon.
You worshipped Cheibriados.
Cheibriados was noncommittal.
You were not hungry.

You visited 2 branches of the dungeon, and saw 8 of its levels.

You collected 96 gold pieces.

Inventory:

Hand Weapons
 a - the +7 hand axe of True Grit (weapon) {chop, rC- MP+9 Str+4}
   (You found it on level 4 of the Dungeon)

   It inflicts extra damage upon your enemies.
   It affects your strength (+4).
   It makes you vulnerable to cold.
   It affects your magic capacity (+9).
 e - a +0 whip
 n - a +0 dagger
 o - a +0 spear
 p - a +0 falchion
 t - a +0 dagger
Missiles
 u - 6 tomahawks (quivered)
Armour
 b - a +0 hat (worn)
 i - a +0 ring mail
 s - a +0 leather armour (worn)
 x - a +0 ring mail
 y - a +0 robe
Jewellery
 r - an uncursed ring of ice
Wands
 m - a wand of digging (12)
 v - a wand of paralysis (11)
Scrolls
 g - 5 scrolls of identify {unknown}
 h - a scroll of remove curse {unknown}
 q - a scroll of teleportation {unknown}
 C - a scroll of enchant armour {unknown}
Potions
 j - a potion of agility {unknown}
 k - a potion of curing {unknown}
 w - a potion of brilliance {unknown}
 z - a potion of haste {unknown}
 A - a potion of heal wounds {unknown}
 D - a potion of berserk rage {unknown}
Books
 c - a book of Minor Magic

   Spells                             Type                      Level
   a - Magic Dart                     Conjuration                  1
   b - Blink                          Translocation                2
   c - Call Imp                       Summoning                    2
   d - Slow                           Hexes                        2
   e - Conjure Flame                  Conjuration/Fire             3
   f - Mephitic Cloud                 Conjuration/Poison/Air       3
 l - a book of Changes

   Spells                             Type                      Level
   a - Beastly Appendage              Transmutation                1
   b - Sticks to Snakes               Transmutation                2
   c - Spider Form                    Transmutation/Poison         3
   d - Ice Form                       Ice/Transmutation            4
   e - Blade Hands                    Transmutation                5
Comestibles
 d - a ration
 B - 4 chunks of flesh


   Skills:
 + Level 3.7 Fighting
 - Level 2.1 Armour
 + Level 3.6 Dodging
 - Level 2.0 Stealth
 - Level 4.6 Spellcasting
 - Level 6.2 Conjurations
 - Level 1.2 Summonings
 - Level 0.7 Translocations
 - Level 2.9 Air Magic


You had 4 spell levels left.
You knew the following spells:

 Your Spells              Type           Power        Failure   Level  Hunger
a - Magic Dart            Conj           ####         1%          1    None
b - Blink                 Tloc           N/A          14%         2    None
c - Conjure Flame         Conj/Fire      ###.....     11%         3    ##.....
e - Mephitic Cloud        Conj/Pois/Air  ###.....     11%         3    ##.....
i - Call Imp              Summ           ##......     12%         2    None


Dungeon Overview and Level Annotations

Branches:
Dungeon (7/15)             Temple (1/1) D:4

Altars:
Ashenzari
Cheibriados
Dithmenos
Elyvilon
Fedhas
Gozag
Hepliaklqana
Kikubaaqudgha
Makhleb
Nemelex Xobeh
Okawaru
Ru
Sif Muna
Trog
Uskayaw
Vehumet
Wu Jian
Xom
Yredelemnul
Zin
The Shining One

Annotations:
D:2 Sigmund
D:7 Joseph


Innate Abilities, Weirdness & Mutations

You have a beak for a mouth.
You have claws for feet.
You can fly.


Message History

Unknown command.
Unknown command.
You are engulfed in noxious fumes.
You choke on the stench!
You are more confused.
Unknown command.
You bump into the rock wall.
You are engulfed in noxious fumes.
* * * LOW HITPOINT WARNING * * *
The orc priest is engulfed in noxious fumes.
The orc priest appears confused.
Unknown command.
Unknown command.
It was a potion of might.
You feel very mighty all of a sudden.
You are engulfed in noxious fumes.
You choke on the stench!
You are more confused.
* * * LOW HITPOINT WARNING * * *
The ogre is engulfed in noxious fumes.
The ogre hits you with a giant spiked club!!
Ouch! That really hurt!
You die...

.. .## #.. .. #.. ..
.. .### .. ..# #(
..# #.######### #.
..).?##@#>......#
#.### #.O§§o...##.#
###### #...#
#.#†#.##.##.###...(.
###.#
#.#.#.##....)...####
##.## .
....#####.#####...
#...# ##.##... ...#
#.## #...# #. #.##
##### #.# #...# .
#># #.# ###...###.
.. .# #.#


You could see an ogre and an orc priest (confused).

Vanquished Creatures
  A sky beast (D:6)
  A black bear (D:6)
  2 ogres (D:4)
  2 scorpions (D:4)
  2 crimson imps
  2 hounds
  An orc wizard (D:4)
  Ijyb (D:4)
  3 worker ants
  A howler monkey zombie (D:6)
  A howler monkey skeleton (D:6)
  A gnoll (D:3)
  2 adders
  2 worms (D:2)
  2 leopard geckos
  7 orcs
  A bat (D:1)
  3 giant cockroaches
  3 goblins (D:2)
  7 hobgoblins
  5 kobolds
  2 quokkas (D:4)
  2 frilled lizards
  2 rats
56 creatures vanquished.

Notes
Turn   | Place    | Note
-------+----------+-------------------------------------------
     0 | D:1      | letownia2 the Tengu Wizard began the quest for the Orb.
     0 | D:1      | Reached XP level 1. HP: 10/10 MP: 5/5
    51 | D:1      | Reached skill level 2 in Conjurations
   110 | D:2      | Reached skill level 3 in Conjurations
   110 | D:2      | Reached XP level 2. HP: 15/15 MP: 1/7
   301 | D:2      | Found an opulent altar of Gozag.
   317 | D:2      | Reached XP level 3. HP: 17/19 MP: 8/8
   322 | D:2      | Learned a level 3 spell: Mephitic Cloud
   362 | D:2      | Reached skill level 4 in Conjurations
   471 | D:2      | Reached skill level 1 in Air Magic
   585 | D:3      | Learned a level 3 spell: Conjure Flame
   605 | D:2      | Noticed Sigmund
   713 | D:2      | Found a bloodstained altar of Trog.
   772 | D:4      | Noticed a scorpion
   791 | D:4      | Killed a scorpion
   791 | D:4      | Reached skill level 5 in Conjurations
   791 | D:4      | Reached XP level 4. HP: 19/24 MP: 0/9
   877 | D:4      | Gained mutation: You can fly. [Tengu growth]
   877 | D:4      | Reached XP level 5. HP: 22/28 MP: 0/10
   964 | D:4      | Reached skill level 6 in Conjurations
  1084 | D:4      | Reached XP level 6. HP: 33/33 MP: 2/11
  1088 | D:4      | Noticed Ijyb
  1093 | D:4      | Paralysed by Ijyb for 6 turns
  1100 | D:4      | Paralysed by Ijyb for 7 turns
  1128 | D:4      | Killed Ijyb
  1128 | D:4      | Reached skill level 1 in Fighting
  1128 | D:4      | Reached skill level 1 in Armour
  1145 | D:4      | Got a bloodstained hand axe
  1146 | D:4      | Identified the +7 hand axe of True Grit {chop, rC- MP+9 Str+4} (You found it on level 4 of the Dungeon)
  1158 | D:4      | Found a staircase to the Ecumenical Temple.
  1273 | D:4      | Reached XP level 7. HP: 14/39 MP: 0/13
  1294 | Temple   | Entered the Ecumenical Temple
  1421 | Temple   | Became a worshipper of Cheibriados the Contemplative
  1542 | D:5      | Entered Level 5 of the Dungeon
  1630 | D:6      | Learned a level 2 spell: Blink
  1633 | D:6      | Learned a level 2 spell: Call Imp
  1681 | D:7      | Noticed Joseph
  1741 | D:6      | Found an ornate altar of the Wu Jian Council.
  1921 | D:6      | Annihilated by an ogre

Skill      XL: |  1  2  3  4  5  6  7 |
---------------+----------------------+-----
Conjurations   | 3 5 6 |  6.2
Air Magic      | 2 |  2.9
Fighting       | 1 3 |  3.7
Armour         | 2 |  2.1
Dodging        | 3 |  3.6
Spellcasting   | 4 |  4.6
Stealth        | |  2.0
Summonings     | |  1.2
Translocations | |  0.7

Action                   |  1- 3 |  4- 6 |  7- 9 || total
-------------------------+-------+-------+-------++-------
Melee: Whip              |    34 |    28 |       ||    62
       Kick              |     3 |     8 |     8 ||    19
       Peck              |     3 |     7 |     5 ||    15
       Hand axe          |       |     7 |    45 ||    52
Throw: Tomahawk          |       |     9 |       ||     9
 Cast: Magic Dart        |    68 |    36 |    11 ||   115
       Mephitic Cloud    |     1 |     7 |     7 ||    15
       Conjure Flame     |       |       |     1 ||     1
  Use: Potion            |       |       |     1 ||     1
 Stab: Confused          |       |     1 |     1 ||     2
  Eat: Chunk             |       |     2 |     3 ||     5
Armor: Robe              |     4 |       |       ||     4
       Leather armour    |       |     3 |     6 ||     9
Dodge: Dodged            |    37 |    25 |    35 ||    97
